 Dungeon Crawl Stone Soup version 0.27-a0-1501-g9d6fb14e67 (webtiles) character file.

Game seed: 3990813034075634126

8078 BlueGoblin the Destroyer (level 11, -1/85 HPs)
             Began as a Grey Draconian Conjurer on July 8, 2021.
             Was an Initiate of Gozag.
             Slain by a two-headed ogre (15 damage)
             ... on level 10 of the Dungeon.
             The game lasted 00:45:25 (13495 turns).

BlueGoblin the Destroyer (Grey Draconian Conjurer) Turns: 13495, Time: 00:45:26

Health: -1/85      AC: 21    Str: 13    XL:     11   Next: 5%
Magic:  8/20       EV: 14    Int: 22    God:    Gozag
Gold:   140        SH:  4    Dex: 10    Spells: 3/22 levels left

rFire    . . .     SeeInvis +   y - +3 trident "Sailed" {vorpal, Str+4}
rCold    . . .     Faith    .   l - +0 buckler
rNeg     . . .     Spirit   .   (armour unavailable)
rPois    .         Reflect  .   (helmet restricted)
rElec    .         Harm     .   (no cloak)
rCorr    .         Rampage  +   j - +1 pair of gloves
Will     .....                  t - +2 pair of boots {rampage}
Stlth    +++.......             s - amulet of magic regeneration
HPRegen  0.24/turn              e - ring of see invisible
MPRegen  0.42/turn              h - +4 ring of protection

@: no status effects
A: AC +12, amphibious, unfitting armour, cold-blooded
a: Renounce Religion, Potion Petition, Call Merchant, Bribe Branch


You were on level 10 of the Dungeon.
You worshipped Gozag.
Gozag was aware of your devotion.
You visited 2 branches of the dungeon, and saw 11 of its levels.

You collected 1365 gold pieces.
You spent 476 gold pieces at shops.
You paid 749 gold pieces to Gozag.

Inventory:

Hand Weapons
 f - a +3 trident of freezing
 o - a +4 short sword of freezing
 y - the +3 trident "Sailed" (weapon) {vorpal, Str+4}
   (You found it on level 8 of the Dungeon)

   It inflicts extra damage upon your enemies.
   Str:       It affects your strength (+4).
Missiles
 r - 2 curare-tipped darts
 w - 5 atropa-tipped darts
Armour
 j - a +1 pair of gloves (worn)
 l - a +0 buckler (worn)
 t - a +2 pair of boots of rampaging (worn)
Jewellery
 e - a ring of see invisible (left hand)
 h - a +4 ring of protection (right hand)
 q - a ring of fire
 s - an amulet of magic regeneration (around neck)
 v - a ring of protection from cold
Wands
 m - a wand of acid (11) (quivered)
 n - a wand of mindburst (13)
 x - a wand of flame (17)
 D - a wand of charming (7)
Scrolls
 b - 3 scrolls of enchant armour
 d - 3 scrolls of amnesia
 i - 4 scrolls of identify
 k - a scroll of summoning
 u - 2 scrolls of enchant weapon {unknown}
 z - a scroll of blinking {unknown}
 B - a scroll of holy word {unknown}
 C - a scroll of teleportation {unknown}
Potions
 a - 2 potions of curing
 c - 2 potions of heal wounds
 g - 4 potions of might
 p - a potion of attraction
 A - 2 potions of magic {unknown}
 E - a potion of lignification {unknown}


   Skills:
 + Level 4.7 Fighting
 + Level 5.1 Short Blades
 + Level 5.5 Polearms
 + Level 6.6 Dodging
 + Level 5.0 Stealth
 + Level 3.9 Shields
 + Level 0.1 Unarmed Combat
 + Level 6.0 Spellcasting
 * Level 9.2 Conjurations
 + Level 1.0 Hexes
 + Level 2.3 Translocations
 + Level 0.2 Ice Magic
 + Level 2.1 Evocations


You had 3 spell levels left.
You knew the following spells:

 Your Spells              Type           Power      Damage    Failure   Level
a - Iskenderun's Mystic   Conj/Tloc      32%        2d8       9%          4
b - Searing Ray           Conj           94%        3d6       1%          2
c - Fulminant Prism       Conj/Hex       14%        3d9       11%         4
d - Irradiate             Conj/Tmut      13%        3d18      36%         5
e - Hailstorm             Conj/Ice       27%        3d7       13%         4

Your spell library contained the following spells:

 Spells                   Type           Power      Damage    Failure   Level
 Magic Dart               Conj           100%       1d8       1%          1
 Apportation              Tloc           34%        N/A       3%          1
 Dazzling Flash           Conj/Hex       58%        N/A       3%          3
 Blink                    Tloc           N/A        N/A       5%          2
 Corona                   Hex            12%        N/A       6%          1
 Animate Skeleton         Necr           12%        N/A       9%          1
 Pain                     Necr           24%        1d5       9%          1
 Sandblast                Erth           12%        2d6       9%          1
 Summon Small Mammal      Summ           24%        N/A       9%          1
 Ensorcelled Hibernation  Hex/Ice        18%        N/A       11%         2
 Corpse Rot               Necr/Air       N/A        N/A       14%         2
 Passwall                 Tmut/Erth      5%         N/A       14%         2
 Tukima's Dance           Hex            11%        N/A       19%         3
 Vampiric Draining        Necr           3%         2d6       26%         3
 Animate Dead             Necr           3%         N/A       65%         4
 Ice Form                 Ice/Tmut       7%         N/A       65%         4
 Summon Lightning Spire   Summ/Air       6%         N/A       65%         4
 Manifold Assault         Tloc           17%        N/A       67%         5
 Iron Shot                Conj/Erth      13%        9d3       91%         6
 Alistair's Intoxication  Tmut/Pois      4%         N/A       94%         5
 Blade Hands              Tmut           3%         N/A       94%         5
 Lee's Rapid Deconstruct  Erth           3%         3d6*      94%         5
 Invisibility             Hex            5%         N/A       100%        6
 Simulacrum               Ice/Necr       3%         N/A       100%        6
 Storm Form               Tmut/Air       3%         N/A       100%        7
 Maxwell's Capacitive Co  Air            3%         ∞         100%        8
 Necromutation            Tmut/Necr      3%         N/A       100%        8
 Animate Armour           Summ/Erth      Unusable   N/A       N/A         4

Dungeon Overview and Level Annotations

Branches:
Dungeon (10/15)            Temple (1/1) D:4            Lair (0/6) D:10
    Orc: D:9-12

Altars:
Ashenzari
Cheibriados
Dithmenos
Elyvilon
Fedhas
Gozag
Hepliaklqana
Kikubaaqudgha
Makhleb
Nemelex Xobeh
Okawaru
Qazlal
Ru
Trog
Uskayaw
Vehumet
Wu Jian
Xom
Yredelemnul
Zin
The Shining One

Shops:
D:2 [   D:5 *   Temple :

Annotations:
D:9 3 runed translucent doors, wpisznazwe's ghost, amateur FoAK


Innate Abilities, Weirdness & Mutations

Your dull iron-grey scales are very hard. (AC +12)
You are amphibious.
You cannot fit into any form of body armour.
You are cold-blooded and may be slowed by cold attacks.


Message History

You see here 36 gold pieces.
You see here 20 gold pieces.
Casting: Hailstorm (dangerous; 13% risk of failure)
Confirm with . or Enter, or press ? or * to list all spells.
You erupt in a blast of force!
The mystic blast hits the vampire but does no damage.
The vampire is moderately damaged.
The vampire barely misses you. x2
Casting: Iskenderun's Mystic Blast (dangerous; 9% risk of failure)
Confirm with . or Enter, or press ? or * to list all spells.
You erupt in a blast of force!
The mystic blast hits the vampire!
The vampire is severely damaged.
The vampire is knocked back by the mystic blast.
There is an open door here.
The vampire points at you and mumbles some strange words.
You are confused.
The vampire gestures at you while chanting.
You resist with some effort.
You bump into the rock wall.
The vampire hits you.
The vampire bites you but does no damage.
You're too confused to cast spells.
You bump into the rock wall.
The vampire hits you but does no damage.
The vampire bites you but does no damage.
The two-headed ogre hits you with a +0 giant club!
The two-headed ogre hits you with a +0 giant club.
* * * LOW HITPOINT WARNING * * *
You bump into the rock wall.
The vampire barely misses you. The vampire closely misses you.
The two-headed ogre misses you.
The two-headed ogre hits you with a +0 giant club.
* * * LOW HITPOINT WARNING * * *
You feel less confused.
Okay, then.
Okay, then.
You feel much better. The vampire hits you! The vampire closely misses you.
The two-headed ogre hits you with a +0 giant club!!
* * * LOW HITPOINT WARNING * * *
The two-headed ogre hits you with a +0 giant club!
You die...
Your body crumbles into a pile of gold.

.....#..###### #..#
.....#.......#####..###.#######
.....##'##...#.....[....#.....#
.........#'###.#..#'#####.....#
......#........#..#(.V.O.$$...#
...............#..#....##.....#
...............#..#....##.....##
.....####..##..#VO#######......#
.....# #......#@.#............#
.....# ######.#..#........O...#
.....# #....#............#
#....#....##.....##
#....#....##.....#
#.##.#...........# #.
#.#....$......# #.
..#...###.....# #...###...###


You could see a two-headed ogre and a vampire (invisible).

Vanquished Creatures
  Pikel (D:4)
  Joseph (D:9)
  An elephant (D:10)
  Psyche (D:8)
  A shadow (D:9)
  A vampire (D:10)
  4 hogs (D:7)
  A wyvern (D:8)
  7 yaks
  A human (D:7)
  A basilisk (D:10)
  2 steam dragons (D:8)
  3 water moccasins
  2 orc warriors
  An ice beast (D:6)
  2 black bears
  An ogre (D:6)
  3 sky beasts
  4 necrophages
  6 centaurs
  A lemure (D:4)
  3 kobold brigands
  2 scorpions
  4 bullfrogs
  6 killer bees
  14 wights
  5 centaur zombies
  A centaur skeleton (D:5)
  A hound (D:6)
  3 orc priests
  3 jellies
  4 orc wizards
  2 killer bee zombies
  3 gnolls (D:9)
  A howler monkey skeleton (D:5)
  7 adders
  A shadow imp (D:6)
  2 adder skeletons
  4 worms
  2 dart slugs
  19 orcs
  3 endoplasms
  4 giant cockroaches
  6 goblins
  5 hobgoblins
  4 jackals
  17 kobolds
  5 quokkas
  3 ball pythons
  4 bats
  3 frilled lizards
  5 rats
191 creatures vanquished.

Vanquished Creatures (others)
  15 fulminant prisms
  A fungus (D:10)
  7 plants
23 creatures vanquished.

Grand Total: 214 creatures vanquished

Notes
Turn   | Place    | Note
-------+----------+-------------------------------------------
     0 | D:1      | BlueGoblin the Draconian Conjurer began the quest for the
                  | Orb.
     0 | D:1      | Reached XP level 1. HP: 14/14 MP: 3/3
   464 | D:1      | Reached XP level 2. HP: 20/20 MP: 0/5
   467 | D:1      | Learned a level 2 spell: Searing Ray
   901 | D:2      | Reached XP level 3. HP: 24/26 MP: 0/6
  1067 | D:2      | Found Ululi's Armour Boutique.
  2254 | D:3      | Found an iron altar of Okawaru.
  2502 | D:3      | Reached skill level 5 in Conjurations
  3137 | D:4      | Noticed a lemure
  3138 | D:4      | Noticed Pikel
  3138 | D:4      | Noticed a lemure
  3138 | D:4      | Noticed a lemure
  3148 | D:4      | Reached XP level 4. HP: 33/33 MP: 4/7
  3494 | D:4      | Reached skill level 1 in Short Blades
  3566 | D:4      | Found a staircase to the Ecumenical Temple.
  3593 | D:3      | Reached XP level 5. HP: 17/39 MP: 1/8
  3771 | D:4      | Killed a lemure
  4099 | D:4      | Noticed a lemure
  4100 | D:4      | Killed Pikel
  4101 | D:4      | Reached skill level 1 in Shields
  4101 | D:4      | Reached XP level 6. HP: 41/48 MP: 10/10
  4101 | D:4      | Your scales start taking on a dull iron-grey colour.
  4101 | D:4      | Reached XP level 7. HP: 48/55 MP: 11/11
  4205 | D:4      | Reached skill level 1 in Evocations
  4369 | D:4      | Found an ancient bone altar of Kikubaaqudgha.
  4371 | D:4      | Found a shimmering altar of Xom.
  4371 | D:4      | Found a sparkling altar of Nemelex Xobeh.
  4373 | D:4      | Found a burning altar of Makhleb.
  4373 | D:4      | Found an opulent altar of Gozag.
  4373 | D:4      | Found a snail-covered altar of Cheibriados.
  4756 | Temple   | Entered the Ecumenical Temple
  5162 | D:5      | Entered Level 5 of the Dungeon
  5226 | D:5      | Identified the +5 chain mail of Pleasant Breezes {Fly rPois
                  | rC+ Str+4}
  5377 | D:5      | Found an ornate altar of the Wu Jian Council.
  5457 | D:5      | Got the Grimoire of Evil and Confrontation
  5463 | D:5      | Learned a level 4 spell: Iskenderun's Mystic Blast
  5468 | D:5      | Learned a level 4 spell: Fulminant Prism
  5490 | D:5      | Found a white marble altar of Elyvilon.
  5537 | D:5      | Found a shadowy altar of Dithmenos.
  5643 | D:5      | Reached XP level 8. HP: 62/62 MP: 8/13
  5994 | D:5      | Found Futuen's General Store.
  6179 | D:5      | Identified the +1 robe of the Will of the Gods {Str+4}
  6224 | D:5      | Reached skill level 6 in Conjurations
  6433 | D:6      | Found an opulent altar of Gozag.
  6531 | D:6      | Became a worshipper of Gozag Ym Sagoz the Greedy
  7414 | D:6      | Learned a level 5 spell: Irradiate
  7919 | D:6      | Reached XP level 9. HP: 69/69 MP: 11/15
  7920 | D:6      | Reached skill level 5 in Dodging
  7970 | D:6      | Reached skill level 7 in Conjurations
  8668 | D:7      | Reached skill level 5 in Short Blades
  9103 | D:7      | Reached skill level 1 in Polearms
  9291 | D:7      | Found a basalt altar of Yredelemnul.
  9706 | D:8      | Reached skill level 5 in Spellcasting
  9708 | D:8      | Reached skill level 5 in Stealth
  9708 | D:8      | Noticed Psyche
 10272 | D:8      | Reached XP level 10. HP: 73/77 MP: 9/17
 10433 | D:8      | Killed Psyche
 10434 | D:8      | Reached skill level 1 in Translocations
 10708 | D:8      | Reached skill level 8 in Conjurations
 10837 | D:8      | Identified the +3 trident "Sailed" {vorpal, Str+4}
 11099 | D:8      | Noticed a moth of wrath
 11102 | D:8      | Found a bloodstained altar of Trog.
 12105 | D:9      | Noticed wpisznazwe's ghost (amateur FoAK)
 12112 | D:9      | Found a hide-covered altar of Uskayaw.
 12122 | D:9      | Found a sparkling altar of Nemelex Xobeh.
 12123 | D:9      | Found a glowing silver altar of Zin.
 12162 | D:9      | Found a runed translucent gate.
 12162 | D:9      | Found a runed translucent gate.
 12162 | D:9      | Found a runed translucent gate.
 12234 | D:9      | Noticed Joseph
 12254 | D:9      | Killed Joseph
 12362 | D:9      | Reached skill level 5 in Polearms
 12516 | D:9      | Found a hazy altar of Hepliaklqana.
 12807 | D:10     | Entered Level 10 of the Dungeon
 12945 | Temple   | Bought an Inescapable Atlas for 476 gold pieces
 12950 | Temple   | Learned a level 4 spell: Hailstorm
 13334 | D:10     | Noticed an elephant
 13358 | D:10     | Reached skill level 9 in Conjurations
 13358 | D:10     | Reached skill level 1 in Hexes
 13373 | D:10     | Killed an elephant
 13374 | D:10     | Reached XP level 11. HP: 74/85 MP: 6/20
 13408 | D:10     | Found a staircase to the Lair.
 13469 | D:10     | Noticed a two-headed ogre
 13495 | D:10     | Slain by a two-headed ogre

Illustrated notes

Levels and vault maps discovered:
D:1:      wander_arrival_estate, layout_rooms
D:2:      layout_loops_cross, serial_shops, nicolae_shop_statue_plus
D:3:      layout_basic, mainiacjoe_overflow_alcove_4
D:4:      layout_loops_ring, doesnt_xom_only_xom, minmay_temple_entry_trees,
          kennysheep_generic_room_9, uniq_pikel
D:5:      layout_basic, nicolae_elyvilon_peaceful_grove,
          nicolae_dithmenos_the_darkroom, nzn_wu_jian_council_hall,
          serial_shops, nicolae_shop_stone, st_stairs_1, serial_bayou_crossing
D:6:      nicolae_whirlpool, layout_basic, mainiacjoe_overflow_boulevard,
          hangedman_decor_push
D:7:      layout_basic, lemuel_zombie_altar_yredelemnul, serial_curves,
          eino_curves_02, eino_curves_04, eino_curves_02, grunt_livestock,
          minmay_holes
D:8:      layout_layer_cave, tgw_trog, uniq_psyche
D:9:      cheibrodos_iron_armory, layout_long_grid,
          gammafunk_temple_overflow_forgotten, nicolae_hepliaklqana_hazy_memory,
          enter_bailey_2, gammafunk_ghost_icy, minmay_misc_feat_tiny,
          uniq_joseph
D:10:     layout_stronghold, mainiacjoe_overflow_concentric_impassable,
          david_lair_generic
Temple:   compressed_dpeg_triangle_lava_temple

Skill      XL: |  1  2  3  4  5  6  7  8  9 10 |
---------------+-------------------------------+-----
Dodging        | 2 3 4 6 |  6.6
Conjurations   | 5 6 7 9 |  9.2
Stealth        | 2 3 4 5 |  5.0
Short Blades   | 1 3 4 5 |  5.1
Fighting       | 2 3 4 |  4.7
Shields        | 1 2 3 |  3.9
Spellcasting   | 3 4 5 6 |  6.0
Evocations     | 1 2 |  2.1
Polearms       | 2 5 |  5.5
Translocations | 2 |  2.3
Hexes          | 1 |  1.0
Unarmed Combat | |  0.1
Ice Magic      | |  0.2

Action                   |  1- 3 |  4- 6 |  7- 9 | 10-12 || total
-------------------------+-------+-------+-------+-------++-------
Melee: Dagger            |    62 |    43 |    32 |       ||   137
       Tailslap          |     3 |     3 |     5 |    19 ||    30
       Trident           |       |       |    54 |   133 ||   187
       Unarmed           |       |       |       |     5 ||     5
 Cast: Magic Dart        |    12 |       |       |       ||    12
       Searing Ray       |    25 |    15 |    47 |    21 ||   108
       Iskenderun's Myst |       |       |     7 |    27 ||    34
       Fulminant Prism   |       |       |     3 |    12 ||    15
       Hailstorm         |       |       |       |     4 ||     4
Invok: Call Merchant     |       |       |       |     1 ||     1
Evoke: Wand              |       |     5 |       |     1 ||     6
  Use: Scroll            |    10 |       |     1 |       ||    11
       Potion            |       |       |       |     1 ||     1
 Stab: Sleeping          |       |       |     1 |       ||     1
       Confused          |       |       |       |     1 ||     1
Armor: Skin              |    32 |    36 |   119 |   129 ||   316
Dodge: Dodged            |    59 |    26 |   112 |   137 ||   334
Block: Buckler           |       |    12 |    31 |    44 ||    87

Table legend: (Time is in decaauts)
 A = Elapsed time spent in this place.
 B = Non-inter-level travel time spent in this place.
 C = Inter-level travel time spent in this place.
 D = Time resting spent in this place.
 E = Time spent auto-exploring this place.
 F = Levels seen in this place.
 G = Mean time per level.
                   A        B        C        D        E       F      G
               +--------+--------+--------+--------+--------+-----+--------+
         Total |  13559 |  12274 |   1285 |   3232 |   6598 |  11 | 1232.6 |
       Dungeon |  13183 |  11918 |   1265 |   3232 |   6294 |  10 | 1318.3 |
        Temple |    375 |    355 |     20 |      0 |    304 |   1 |  375.0 |
               +--------+--------+--------+--------+--------+-----+--------+

Top non-repeatable levels by time:
     D:7: 2219 daAuts
     D:6: 1803 daAuts
     D:4: 1510 daAuts
     D:3: 1402 daAuts
     D:8: 1319 daAuts
     D:5: 1315 daAuts
     D:9: 1278 daAuts
     D:2: 1116 daAuts
     D:1: 839 daAuts
    D:10: 379 daAuts
  Temple: 375 daAuts
